 Dungeon Crawl Stone Soup version 0.31.0-32-g396128a36d (webtiles) character file.

Game seed: 3015133811794867890

529 jagang the Slasher (level 7, 0/55 HPs)
             Began as a Human Monk on Mar 12, 2024.
             Slain by a wyvern (2 damage)
             ... on level 5 of the Dungeon.
             The game lasted 00:06:50 (3298 turns).

jagang the Slasher (Human Monk)                     Turns: 3298, Time: 00:06:51

Health: 0/55       AC: 10    Str: 11    XL:     7   Next: 24%
Magic:  7/7        EV: 11    Int: 10    God:
Gold:   79         SH:  0    Dex: 18    Spells: 6/6 levels left

rFire   . . .        n - +0 rapier
rCold   . . .        d - orb {light}
rNeg    + . .        v - +3 ring mail "Efita" {+Inv}
rPois   +            (no helmet)
rElec   .            t - +1 cloak {rPois}
rCorr   .            (no gloves)
SInv    .            (no boots)
Will    .....        (no amulet)
Stlth   +            l - ring of positive energy
HPRegen 0.29/turn    o - +4 ring of slaying
MPRegen 0.10/turn

%: no passive effects
@: glowing
A: explore regen
a: Evoke Invisibility


You were on level 5 of the Dungeon.
You visited 1 branch of the dungeon, and saw 5 of its levels.

You collected 169 gold pieces.
You spent 90 gold pieces at shops.

Inventory:

Hand Weapons
 a - a +0 falchion
 n - a +0 rapier (weapon)
Missiles
 p - 4 silver javelins
 x - a boomerang (quivered)
Armour
 d - an orb of light (worn)
 t - a +1 cloak of poison resistance (worn)
 v - the +3 ring mail "Efita" (worn) {+Inv}
   (You found it on level 4 of the Dungeon)

   +Inv:      It lets you turn invisible.
Jewellery
 l - a ring of positive energy (left hand)
 o - a +4 ring of slaying (right hand)
 s - a ring of positive energy
 z - a ring of resist corrosion
Wands
 q - a wand of roots (11)
Scrolls
 b - 5 scrolls of teleportation
 e - 2 scrolls of identify
 f - 3 scrolls of revelation
 h - a scroll of fog
 y - a scroll of noise
Potions
 c - 2 potions of ambrosia
 g - 2 potions of enlightenment
 i - a potion of might
 j - a potion of resistance
 k - a potion of magic {unknown}
 m - 3 potions of curing
 r - a potion of haste {unknown}
 u - 2 potions of heal wounds {unknown}
 w - a potion of attraction {unknown}


   Skills:
 + Level 4.4 Fighting
 * Level 5.6 Long Blades
 + Level 2.5 Throwing
 - Level 1.0 Armour
 - Level 3.0 Dodging
 - Level 3.0 Shields
 + Level 0.0 Invocations


You had 6 spell levels left.
You didn't know any spells.
Your spell library contained the following spells:

 Spells                   Type           Power      Damage    Failure   Level
 Foxfire                  Conj/Fire      0%         2x1d4     65%         1
 Volatile Blastmotes      Fire/Tloc      0%         2d10      95%         3
 Plasma Beam              Fire/Air       0%         2x1d10    100%        6
 Starburst                Conj/Fire      0%         6d3       100%        6
 Enfeeble                 Hex            0%         N/A       100%        7


Dungeon Overview and Level Annotations

Branches:
Dungeon (5/15)
 Temple: D:4-7

Altars:
Dithmenos
Zin


Innate Abilities, Weirdness & Mutations

You regain HP and MP as you explore.


Message History

You hit the water moccasin.
The water moccasin is moderately wounded.
The water moccasin barely misses you.
You puncture the water moccasin!
The water moccasin is almost dead.
The water moccasin barely misses you.
The water moccasin completely misses you.
You puncture the water moccasin!
You kill the water moccasin!
Your Shields skill increases to level 3!
You have reached level 7!
You climb downwards.
The wyvern bites you! x2
There is a stone staircase leading up here.
You hit the wyvern but do no damage.
The wyvern bites you but does no damage.
The wyvern bites you.
You barely miss the wyvern. The wyvern bites you!
You are too injured to fight recklessly!
You are too injured to fight recklessly!
You are too injured to fight recklessly!
You are too injured to fight recklessly!
You are too injured to fight recklessly!
You hit the wyvern.
The wyvern is lightly wounded.
The wyvern bites you but does no damage.
The wyvern bites you.
You hit the wyvern.
The wyvern is moderately wounded.
The wyvern bites you!
* * * LOW HITPOINT WARNING * * *
You hit the wyvern but do no damage.
The wyvern is moderately wounded.
The wyvern bites you but does no damage.
The wyvern closely misses you.
You hit the wyvern.
The wyvern is heavily wounded.
The wyvern bites you!
* * * LOW HITPOINT WARNING * * *
The wyvern bites you.
You die...

....
###.=.#
......# .
.....# .#
.....#?..
#.......#
#.k......
#@...≈...
#....≈...
#.#..≈..#
#.#..≈..#
#.# ....#
#.# ....#
#.# ....
<.# ##.#


You could see a wyvern.

Vanquished Creatures
  A water moccasin (D:4)
  2 bombardier beetles
  Crazy Yiuf (D:3)
  A hound (D:4)
  3 orc priests (D:4)
  An iguana (D:4)
  9 adders
  8 dart slugs
  5 orcs (D:4)
  6 endoplasms
  3 giant cockroaches
  15 goblins
  8 hobgoblins
  10 jackals
  4 kobolds
  3 quokkas
  5 ball pythons
  4 bats
  6 frilled lizards
95 creatures vanquished.

Vanquished Creatures (others)
  A goblin (D:2)
1 creature vanquished.

Grand Total: 96 creatures vanquished

Notes
Turn   | Place    | Note
-------+----------+-------------------------------------------
     0 | D:1      | jagang the Human Monk began the quest for the Orb.
     0 | D:1      | Reached XP level 1. HP: 18/18 MP: 1/1
    69 | D:1      | Reached XP level 2. HP: 19/24 MP: 2/2
   388 | D:1      | Reached XP level 3. HP: 29/29 MP: 3/3
   629 | D:1      | Reached skill level 1 in Armour
   868 | D:2      | Reached skill level 1 in Shields
  1140 | D:2      | Reached XP level 4. HP: 34/35 MP: 4/4
  1300 | D:2      | Reached skill level 4 in Long Blades
  1734 | D:3      | Found a shadowy altar of Dithmenos.
  1903 | D:3      | Reached XP level 5. HP: 42/42 MP: 5/5
  1958 | D:3      | Reached skill level 1 in Throwing
  2216 | D:3      | Found a runed translucent door.
  2217 | D:3      | Noticed Crazy Yiuf
  2231 | D:3      | Killed Crazy Yiuf
  2468 | D:4      | Reached XP level 6. HP: 24/48 MP: 6/6
  2646 | D:4      | Identified the +3 ring mail "Efita" {+Inv}
  2760 | D:4      | Found Zin's Purification Station.
  2760 | D:4      | Found a glowing silver altar of Zin.
  2764 | D:4      | Got Sif Muna's Atlas of the Coals and the Fairies
  2768 | D:4      | Bought a potion of curing for 90 gold pieces
  2899 | D:4      | Reached skill level 5 in Long Blades
  3281 | D:5      | Entered Level 5 of the Dungeon
  3281 | D:5      | Noticed a wyvern
  3281 | D:5      | Noticed a water moccasin
  3290 | D:4      | Killed a water moccasin
  3291 | D:4      | Reached XP level 7. HP: 51/55 MP: 7/7
  3298 | D:5      | HP: 2/55 [wyvern (8)]
  3298 | D:5      | Slain by a wyvern

Illustrated notes

Levels and vault maps discovered:
D:1:      dpeg_arrival_short_road, layout_loops_ring, minmay_octomino_e4
D:2:      layout_basic, lemuel_flame_loot_1
D:3:      cheibrodos_old_hovel, layout_rooms, nicolae_dithmenos_the_darkroom,
          uniq_crazy_yiuf_cottage
D:4:      layout_loops_cross, zin_purify
D:5:      layout_loops_ring, grunt_gozag_breadcrumbs,
          mainiacjoe_overflow_boulevard, lightli_temple_of_fire,
          chequers_decorated_corner, amethyst_killhole

Skill      XL: |  1  2  3  4  5  6 |
---------------+-------------------+-----
Armour         | 1 |  1.0
Shields        | 1 2 3 |  3.0
Long Blades    | 4 5 |  5.6
Throwing       | 1 2 |  2.5
Fighting       | 4 |  4.4
Dodging        | |  3.0

Action                     |  1- 3 |  4- 6 |  7- 9 || total
---------------------------+-------+-------+-------++-------
  Melee: Falchion          |    76 |       |       ||    76
         Rapier            |     5 |   176 |     6 ||   187
  Throw: Boomerang         |       |     3 |       ||     3
         Javelin           |       |     1 |       ||     1
    Use: Scroll            |     1 |     6 |       ||     7
 Armour: Robe              |    18 |       |       ||    18
         Scale mail        |    24 |     9 |       ||    33
         Chain mail        |       |    74 |       ||    74
         Ring mail         |       |    29 |    11 ||    40
  Dodge: Dodged            |    47 |    68 |     1 ||   116
